 Dungeon Sprint DCSS version 0.31-a0-1074-g0b22e4e0f1 (webtiles) character file.

Game seed: 13549023707820132466

155423108 fozzywoppz the Conqueror (level 21, 224/224 HPs)
             Began as a Minotaur Fighter on Dec 8, 2023.
             Was the Champion of the Shining One.
             Escaped with the Orb
             ... and 17 runes!
             The game lasted 00:44:25 (11703 turns).

fozzywoppz the Conqueror (Minotaur Fighter)        Turns: 11703, Time: 00:44:25

Health: 224/224    AC: 50    Str: 47    XL:     21   Next: 11%
Magic:  37/37      EV: 31    Int:  5    God:    the Shining One [******]
Gold:   889        SH: 27    Dex: 23    Spells: 40/40 levels left

rFire   + . .        q - +7 sacred scourge (holy)
rCold   + . .        P - +0 tower shield of Pocerith {rF+ Str+4 Dex+5}
rNeg    + + +        Q - +15 Maxwell's patent armour {-Cast -Tele rElec Will+ rCorr}
rPois   .            H - -1 hat "Hiqij" {Str+6 Dex-2}
rElec   +            R - +0 cloak "Fiocitiuss" {+Inv Dex+2}
rCorr   +            A - +2 pair of gloves
SInv    .            y - +3 pair of seven-league boots {Rampage+∞}
Will    ++...        s - amulet "Lameycse" {rC+ Regen+ Str+4}
Stlth   +            M - +6 ring of strength
HPRegen 1.37/turn    U - ring "Leawuget" {AC+3 Dex+3}
MPRegen 0.25/turn

%: no teleportation, no spellcasting, rampage+∞
@: glowing
A: horns 2, retaliatory headbutt, screaming 1
0: Orb of Zot
}: 17/17 runes: decaying, serpentine, barnacled, slimy, elven, silver, golden,
iron, obsidian, icy, bone, abyssal, glowing, magical, fiery, dark, gossamer
a: Renounce Religion, Evoke Invisibility, Divine Shield, Cleansing Flame, Summon
Divine Warrior


You escaped.
You worshipped the Shining One.
The Shining One was exalted by your worship.
You visited 1 branch You collected 1973 gold pieces.
You spent 1084 gold pieces at shops.

Inventory:

Hand Weapons
 c - a +4 trishula of holy wrath
 q - a +7 sacred scourge of holy wrath (weapon)
 r - a +4 morningstar of protection
 t - a +5 great sword of holy wrath
 K - a +5 scimitar of holy wrath
 S - the +6 sword of Cerebov {flame}
   (You took it off Cerebov in the Dungeon)

   The Shining One disapproves of the use of such an item.
 V - the +13 sceptre of Asmodeus
   (You took it off Asmodeus in the Dungeon)

   Fire Summon: It may summon demons of flame and damnation when striking foes.
   The Shining One disapproves of the use of such an item.
Missiles
 u - 20 silver javelins (quivered)
 E - a throwing net
 I - 4 atropa-tipped darts
Armour
 y - the +3 pair of seven-league boots (worn) {Rampage+∞}
   (Okawaru gifted it to you in the Dungeon)

   Rampage+∞: When moving toward enemies, its wearer moves as far as possible,
   alerting their target en route.
 A - a +2 pair of gloves (worn)
 H - the -1 hat "Hiqij" (worn) {Str+6 Dex-2}
   (You bought it in a shop in the Dungeon)

   Str+6:     It affects your strength (+6).
   Dex-2:     It affects your dexterity (-2).
 J - a +2 kite shield of reflection
 L - +4 gold dragon scales
 P - the +0 tower shield of Pocerith (worn) {rF+ Str+4 Dex+5}
   (You found it in the Dungeon)

   Str+4:     It affects your strength (+4).
   Dex+5:     It affects your dexterity (+5).
   rF+:       It protects you from fire.
 Q - the +15 Maxwell's patent armour (worn) {-Cast -Tele rElec Will+ rCorr}
   (You found it in the Dungeon)

   rElec:     It insulates you from electricity.
   Will+:     It increases your willpower.
   -Cast:     It prevents spellcasting.
   -Tele:     It prevents most forms of teleportation.
   rCorr:     It protects you from acid and corrosion.
 R - the +0 cloak "Fiocitiuss" (worn) {+Inv Dex+2}
   (You found it in the Dungeon)

   Dex+2:     It affects your dexterity (+2).
   +Inv:      It lets you turn invisible.
Jewellery
 s - the amulet "Lameycse" (around neck) {rC+ Regen+ Str+4}
   (You found it in the Dungeon)

   [amulet of regeneration]

   Str+4:     It affects your strength (+4).
   rC+:       It protects you from cold.
   Regen+:    It increases your rate of health regeneration.
 x - a ring of see invisible
 z - a ring of protection from cold
 F - a +6 ring of dexterity
 M - a +6 ring of strength (left hand)
 O - a +4 ring of evasion
 T - the amulet "Hiofruri" {Faith Will+ Dex+3 SInv}
   (You found it in the Dungeon)

   [amulet of faith]

   Faith:     It allows you to gain divine favour quickly.
   Dex+3:     It affects your dexterity (+3).
   Will+:     It increases your willpower.
   SInv:      It lets you see invisible.
 U - the ring "Leawuget" (right hand) {AC+3 Dex+3}
   (You found it in the Dungeon)

   [ring of protection]

   AC+3:      It affects your AC (+3).
   Dex+3:     It affects your dexterity (+3).
Wands
 m - a wand of flame (17)
 o - a wand of digging (8)
 v - a wand of paralysis (10)
 w - a wand of iceblast (4)
Scrolls
 b - 4 scrolls of identify
 j - 7 scrolls of blinking
 l - a scroll of fog
 p - a scroll of torment
 B - 2 scrolls of enchant armour
 D - a scroll of fear
Potions
 a - 6 potions of brilliance
 d - 3 potions of might
 e - 2 potions of curing
 f - 7 potions of heal wounds
 g - 7 potions of haste
 h - 9 potions of magic
 i - 3 potions of berserk rage
 k - a potion of invisibility
 C - 2 potions of resistance
 G - a potion of mutation
Miscellaneous
 n - a lightning rod (4/4)
 N - the horn of Geryon


   Skills:
 O Level 27 Fighting
 + Level 16.6(27) Axes
 O Level 27 Maces & Flails
 O Level 27 Polearms
 + Level 16.4(27) Staves
 O Level 27 Throwing
 O Level 27 Armour
 O Level 27 Dodging
 O Level 27 Stealth
 O Level 27 Shields
 + Level 10.0 Spellcasting
 O Level 27 Invocations
 O Level 27 Evocations


You had 40 spell levels left.
You didn't know any spells.
Your spell library was empty.

Dungeon Overview and Level Annotations

Branches:
Dungeon (1/1)

Altars:
Cheibriados
Dithmenos
Elyvilon
Fedhas
Gozag
Hepliaklqana
Kikubaaqudgha
Makhleb
Nemelex Xobeh
Okawaru
Qazlal
Ru
Sif Muna
Trog
Uskayaw
Vehumet
Wu Jian
Xom
Yredelemnul
Zin
The Shining One
Jiyva
Lugonu

Shops:
D ([=!


Innate Abilities, Weirdness & Mutations

You have a pair of horns on your head.
You reflexively headbutt those who attack you in melee.
You occasionally shout uncontrollably at your foes.


Message History

There is a shimmering altar of Xom here.
There is an ornate altar of the Wu Jian Council here.
There is a radiant altar of Vehumet here.
There is a hide-covered altar of Uskayaw here.
There is a bloodstained altar of Trog here.
There is a shimmering blue altar of Sif Muna here.
There is a sacrificial altar of Ru here.
There is a stormy altar of Qazlal here.
There is an iron altar of Okawaru here.
There is a sparkling altar of Nemelex Xobeh here.
There is a burning altar of Makhleb here.
There is a corrupted altar of Lugonu here.
There is an ancient bone altar of Kikubaaqudgha here.
There is a hazy altar of Hepliaklqana here.
There is an opulent altar of Gozag here.
There is a blossoming altar of Fedhas here.
There is a white marble altar of Elyvilon here.
There is a shadowy altar of Dithmenos here.
There is a snail-covered altar of Cheibriados here.
There is a roughly hewn altar of Beogh here.
There is an open door to the Temple here.
A hell beast comes into view.
The hell beast moves out of view.
Things that are here:
a +0 club; a +0 scale mail
There is an open door here.
There is an open door to the Dungeon here.
You see here a +0 dagger.
There is a staircase leading out of the dungeon here.
You stride towards the hell beast!
You closely miss the hell beast. You block the hell beast's attack. x2
You punish the hell beast, causing immense pain!!!
The hell beast convulses!
You headbutt the hell beast!
The hell beast is severely wounded.
You thrash the hell beast!!
You kill the hell beast!
The Shining One accepts your kill.
Your Spellcasting skill increases to level 10!
There is a staircase leading out of the dungeon here.
You have escaped!

▓.▓.▓.▓.▓.▓.▓.▓.▓.
▓.▓.▓'▓.▓.▓.▓.▓.▓.
▓.▓.▓.▓.▓.▓.▓.▓.▓.
▓.▓.▓.▓.▓.▓.▓.▓.▓.
▓)▓.▓.▓.▓.▓.▓.▓.▓.
▓.▓.▓.▓.▓.▓.▓.▓.▓.
▓.▓.▓.▓.▓.▓.▓.▓.▓.
▓.▓.▓.▓.▓.▓.▓.▓.▓.
▓@▓...▓...▓...▓...
▓▓▓▓▓▓▓▓▓▓▓▓▓▓▓▓▓▓


There were no monsters in sight!

Vanquished Creatures
  Cerebov (D)
  Antaeus (D)
  the Royal Jelly (D)
  Ereshkigal (D)
  Asmodeus (D)
  Gloorx Vloq (D)
  Lom Lobon (D)
  Mnoleg (D)
  6 orbs of fire (D)
  Dispater (D)
  Mara (D)
  3 ancient liches (D)
  Mennas (D)
  3 pandemonium lords (D)
  Sojobo (D)
  4 royal mummies (D)
  Frederick (D)
  A Killer Klown (D)
  5 golden dragons (D)
  Nikola (D)
  Geryon (D)
  Jory (D)
  A Brimstone Fiend (D)
  2 bone dragons (D)
  A Tzitzimitl (D)
  3 electric golems (D)
  4 tentacled monstrosities (D)
  5 liches (D)
  28 Orb Guardians (D)
  4 deep elf blademasters (D)
  2 Hell Sentinels (D)
  4 titans (D)
  4 deep elf master archers (D)
  13 sphinxes (D)
  A quicksilver dragon (D)
  8 acid blobs (D)
  An Executioner (D)
  5 death cobs (D)
  Agnes (D)
  Donald (D)
  8 azure jellies (D)
  3 fire giants (D)
  3 rockslimes (D)
  6 shadow dragons (D)
  2 storm dragons (D)
  2 draconian monks (D)
  2 tengu reavers (D)
  Ilsuiw (D)
  6 nagarajas (D)
  A daeva (D)
  7 frost giants (D)
  2 draconian knights (D)
  2 draconian scorchers (D)
  2 deep elf sorcerers (D)
  A balrug (D)
  An iron dragon (D)
  Louise (D)
  4 ghost moths (D)
  3 vault wardens (D)
  2 orc warlords (D)
  3 emperor scorpions (D)
  4 ironbound preservers (D)
  3 draconian shifters (D)
  2 draconian annihilators (D)
  5 quicksilver oozes (D)
  A very ugly thing (D)
  2 draconian stormcallers (D)
  3 eleionomae (D)
  2 green draconians (D)
  An ironbound thunderhulk (D)
  A bunyip (D)
  14 stone giants (D)
  A deep elf demonologist (D)
  4 black draconians (D)
  8 vampire knights (D)
  A minotaur (D)
  2 red draconians (D)
  A yellow draconian (D)
  A deep elf annihilator (D)
  A starcursed mass (D)
  2 dire elephants (D)
  3 purple draconians (D)
  3 white draconians (D)
  A spark wasp (D)
  4 mummy priests (D)
  7 ettins (D)
  7 merfolk javelineers (D)
  3 merfolk impalers (D)
  Josephine (D)
  2 yaktaur captains (D)
  3 deep elf death magi (D)
  Harold (D)
  2 fire dragons (D)
  3 deep elf high priests (D)
  An entropy weaver (shapeshifter) (D)
  A great orb of eyes (D)
  A hell beast (D)
  2 rakshasas (D)
  2 ice dragons (D)
  2 peacekeepers (D)
  A catoblepas (D)
  25 vault guards (D)
  11 hydras (D)
  A radroach (D)
  3 centaur warriors (D)
  2 spriggan air magi (D)
  An ogre mage (D)
  A satyr (D)
  A merfolk avatar (D)
  6 merfolk aquamancers (D)
  3 ironbound frosthearts (D)
  2 boulder beetles (D)
  A death yak (D)
  7 naga warriors (D)
  3 tengu warriors (D)
  4 deep troll shamans (D)
  10 orc high priests (D)
  4 sun demons (D)
  A demonic crawler (D)
  A shock serpent (D)
  2 naga sharpshooters (D)
  6 deep elf knights (D)
  Nergalle (D)
  A fire crab (shapeshifter) (D)
  A pharaoh ant (D)
  A sun moth (D)
  An orb spider (D)
  A flayed ghost (D)
  An arcanist (D)
  2 spriggan druids (D)
  4 glowing orange brains (D)
  9 swamp dragons (D)
  2 ironbound convokers (D)
  A naga ritualist (D)
  6 deep elf archers (D)
  2 shadow demons (D)
  4 deep elf pyromancers (D)
  4 wolf spiders (D)
  A cyclops (D)
  3 harpies (D)
  A necromancer (D)
  2 orc knights (D)
  2 deep elf zephyrmancers (D)
  An orc sorcerer (D)
  2 salamanders (D)
  An ugly thing (D)
  Maurice (D)
  2 manticores (D)
  4 black mambas (D)
  2 rust devils (D)
  An elephant (D)
  10 moths of wrath (D)
  2 guardian serpents (D)
  3 vault sentinels (D)
  3 naga magi (D)
  A gargoyle (D)
  An unseen horror (D)
  2 smoke demons (D)
  An orange demon (D)
  A hellion (D)
  7 large abominations (D)
  A kobold demonologist (D)
  A yaktaur (D)
  2 efreet (D)
  2 freezing wraiths (D)
  A tormentor (D)
  An ice devil (D)
  3 komodo dragons (D)
  An ancient zyme (D)
  20 guardian mummies (D)
  A wandering mushroom (D)
  A polar bear (D)
  A troll (D)
  A troll (shapeshifter) (D)
  11 merfolk (D)
  A tyrant leech (D)
  A tarantella (D)
  A glass eye (D)
  A snapping turtle (D)
  11 spriggans (D)
  A slime creature (D)
  A ynoxinul (D)
  A shadow (D)
  A slime creature (shapeshifter) (D)
  A spriggan (shapeshifter) (D)
  5 wraiths (D)
  Grum (D)
  2 basilisks (D)
  3 yaks (D)
  3 golden eyes (D)
  A small abomination (D)
  2 redbacks (D)
  A chaos spawn (D)
  A neqoxec (D)
  5 wargs (D)
  3 acid dragons (D)
  4 nagas (D)
  4 hell hounds (D)
  2 water moccasins (D)
  An ice beast (D)
  13 orc warriors (D)
  7 wolves (D)
  A bullfrog (D)
  6 orc priests (D)
  A quasit (D)
  An iguana (D)
  4 orc wizards (D)
  A sleepcap (D)
  7 orcs (D)
  A giant cockroach (D)
  A goblin (D)
  2 hobgoblins (D)
  A quokka (D)
  A rat (D)
  A ball lightning (D)
  A fire vortex (D)
641 creatures vanquished.

Vanquished Creatures (others)
  A large abomination (D)
  An orc (D)
2 creatures vanquished.

Grand Total: 643 creatures vanquished

Notes
Turn   | Place    | Note
-------+----------+-------------------------------------------
     0 | D        | fozzywoppz the Minotaur Fighter began the quest for the
                  | Orb.
     0 | D        | Reached XP level 1. HP: 19/19 MP: 0/0
    38 | D        | Noticed an ice beast
    38 | D        | Noticed an orc priest
    38 | D        | Noticed a sleepcap
    38 | D        | Noticed an iguana
    44 | D        | Killed an iguana
    45 | D        | Reached skill level 5 in Fighting
    45 | D        | Reached skill level 5 in Armour
    45 | D        | Reached skill level 5 in Shields
    45 | D        | Reached XP level 2. HP: 23/29 MP: 1/1
    45 | D        | Reached XP level 3. HP: 28/36 MP: 2/2
    49 | D        | Reached skill level 5 in Maces & Flails
    52 | D        | Reached XP level 4. HP: 24/45 MP: 3/3
    69 | D        | Killed an ice beast
    70 | D        | Reached XP level 5. HP: 25/55 MP: 4/4
    75 | D        | Found a snail-covered altar of Cheibriados.
    75 | D        | Found a shadowy altar of Dithmenos.
    75 | D        | Found a white marble altar of Elyvilon.
    75 | D        | Found a blossoming altar of Fedhas.
    75 | D        | Found an opulent altar of Gozag.
    76 | D        | Found a hazy altar of Hepliaklqana.
    77 | D        | Found a viscous altar of Jiyva.
    78 | D        | Found an ancient bone altar of Kikubaaqudgha.
    79 | D        | Found a corrupted altar of Lugonu.
    80 | D        | Found a burning altar of Makhleb.
    81 | D        | Found a sparkling altar of Nemelex Xobeh.
    82 | D        | Found an iron altar of Okawaru.
    83 | D        | Found a stormy altar of Qazlal.
    84 | D        | Found a sacrificial altar of Ru.
    85 | D        | Found a shimmering blue altar of Sif Muna.
    86 | D        | Found a bloodstained altar of Trog.
    87 | D        | Found a hide-covered altar of Uskayaw.
    88 | D        | Found a radiant altar of Vehumet.
    89 | D        | Found an ornate altar of the Wu Jian Council.
    90 | D        | Became a worshipper of Warmaster Okawaru
    91 | D        | Found a shimmering altar of Xom.
    92 | D        | Found a basalt altar of Yredelemnul.
    93 | D        | Found a glowing silver altar of Zin.
    94 | D        | Found a glowing golden altar of the Shining One.
   175 | D        | Noticed a yak
   175 | D        | Noticed a yak
   175 | D        | Noticed a wraith
   175 | D        | Noticed a kobold demonologist
   178 | D        | Reached skill level 1 in Invocations
   184 | D        | Killed a kobold demonologist
   184 | D        | Reached * piety under Okawaru
   185 | D        | Reached skill level 10 in Fighting
   185 | D        | Reached skill level 5 in Invocations
   185 | D        | Reached XP level 6. HP: 65/66 MP: 4/9
   187 | D        | Killed a wraith
   187 | D        | Reached ** piety under Okawaru
   188 | D        | Reached XP level 7. HP: 65/72 MP: 5/11
   188 | D        | Killed a yak
   200 | D        | Killed an unseen horror
   200 | D        | Reached *** piety under Okawaru
   201 | D        | Reached XP level 8. HP: 51/79 MP: 6/13
   301 | D        | Noticed a boulder beetle
   301 | D        | Noticed a slime creature
   301 | D        | Noticed a boulder beetle
   301 | D        | Noticed a gargoyle
   303 | D        | Killed a gargoyle
   303 | D        | a yak changed into an entropy weaver
   303 | D        | Noticed an entropy weaver (shapeshifter)
   304 | D        | Reached skill level 10 in Invocations
   311 | D        | Reached skill level 15 in Maces & Flails
   318 | D        | Killed a boulder beetle
   318 | D        | Reached **** piety under Okawaru
   319 | D        | Reached XP level 9. HP: 48/85 MP: 14/17
   326 | D        | Killed a boulder beetle
   326 | D        | Reached ***** piety under Okawaru
   330 | D        | Killed an entropy weaver
   330 | D        | Received a gift from Okawaru
   331 | D        | Reached skill level 15 in Invocations
   331 | D        | Reached skill level 1 in Evocations
   619 | D        | Noticed a komodo dragon
   619 | D        | Noticed a death yak
   620 | D        | Noticed an eight-headed hydra
   624 | D        | Noticed a four-headed hydra
   628 | D        | Killed a death yak
   629 | D        | Reached XP level 10. HP: 66/94 MP: 12/20
   638 | D        | Killed an eight-headed hydra
   639 | D        | Reached skill level 10 in Armour
   639 | D        | Reached skill level 5 in Dodging
   645 | D        | Killed a four-headed hydra
   646 | D        | Reached skill level 5 in Evocations
   743 | D        | Noticed a five-headed hydra
   743 | D        | Noticed a black mamba
   743 | D        | Noticed a black mamba
   745 | D        | Noticed a seven-headed hydra
   746 | D        | Killed a black mamba
   749 | D        | Received a gift from Okawaru
   752 | D        | Noticed an elephant
   759 | D        | Killed a five-headed hydra
   766 | D        | Killed a seven-headed hydra
   767 | D        | Reached XP level 11. HP: 108/108 MP: 14/21
   889 | D        | Received a gift from Okawaru
   890 | D        | Reached skill level 10 in Dodging
   924 | D        | Reached skill level 15 in Fighting
  1004 | D        | Noticed Josephine
  1017 | D        | Killed Josephine
  1030 | D        | Reached skill level 15 in Armour
  1039 | D        | Noticed Maurice
  1046 | D        | Paralysed by Maurice for 5 turns
  1047 | D        | Maurice stole 28 gold
  1056 | D        | Maurice stole a silver javelin
  1057 | D        | Killed Maurice
  1127 | D        | Noticed an orc sorcerer
  1147 | D        | Killed an orc sorcerer
  1148 | D        | Noticed an ettin
  1162 | D        | Killed an ettin
  1162 | D        | Received a gift from Okawaru
  1232 | D        | Noticed an orc knight
  1246 | D        | Killed an orc knight
  1247 | D        | Reached skill level 1 in Throwing
  1328 | D        | Found Qunlum's Distillery.
  1328 | D        | Noticed an orc high priest
  1328 | D        | Noticed an orc high priest
  1328 | D        | Noticed an orc high priest
  1328 | D        | Noticed an orc high priest
  1329 | D        | Noticed a sun demon
  1329 | D        | Noticed an orc high priest
  1333 | D        | Killed an orc high priest
  1341 | D        | Found Plog's Jewellery Shop.
  1342 | D        | Noticed a sixfirhy
  1342 | D        | Noticed an orc high priest
  1344 | D        | Killed an orc high priest
  1345 | D        | Reached XP level 12. HP: 117/128 MP: 15/22
  1345 | D        | Killed an orc high priest
  1345 | D        | Received a gift from Okawaru
  1352 | D        | Killed an orc high priest
  1353 | D        | Reached skill level 5 in Throwing
  1356 | D        | Killed an orc high priest
  1357 | D        | Found Caopri's Antique Armour Boutique.
  1368 | D        | Found Plog's Weapon Shop.
  1372 | D        | Killed an orc high priest
  1374 | D        | Noticed an orc high priest
  1374 | D        | Noticed an orc high priest
  1375 | D        | Noticed an orc high priest
  1381 | D        | Killed an orc high priest
  1382 | D        | Noticed an orc high priest
  1386 | D        | Killed an orc high priest
  1390 | D        | Killed an orc high priest
  1399 | D        | Killed an orc high priest
  1399 | D        | Received a gift from Okawaru
  1482 | D        | Noticed Grum
  1497 | D        | Killed Grum
  1508 | D        | Noticed Harold
  1523 | D        | Killed Harold
  1783 | D        | Bought a +6 ring of dexterity for 432 gold pieces
  1785 | D        | Bought a potion of haste for 100 gold pieces
  1785 | D        | Bought a potion of mutation for 80 gold pieces
  1785 | D        | Bought a potion of curing for 30 gold pieces
  1785 | D        | Bought a potion of curing for 30 gold pieces
  1789 | D        | Bought a jewelled hat for 225 gold pieces
  1789 | D        | Identified the -1 hat "Hiqij" {Str+6 Dex-2} (You bought it
                  | in a shop in the Dungeon)
  1789 | D        | Bought a shiny chain mail for 187 gold pieces
  1920 | D        | Noticed a five-headed hydra
  1920 | D        | Noticed a catoblepas
  1952 | D        | Killed a catoblepas
  1954 | D        | Killed a five-headed hydra
  1957 | D        | Noticed a tengu warrior
  1961 | D        | Noticed an ettin
  1965 | D        | Noticed a frost giant
  1986 | D        | Received a gift from Okawaru
  1991 | D        | Killed a tengu warrior
  1998 | D        | Killed a frost giant
  2005 | D        | Killed an ettin
  2020 | D        | Noticed a deep troll shaman
  2021 | D        | Noticed a lich
  2023 | D        | Noticed a stone giant
  2025 | D        | Noticed an ice dragon
  2025 | D        | Noticed an ettin
  2039 | D        | Killed a lich
  2040 | D        | Reached XP level 13. HP: 90/141 MP: 16/23
  2045 | D        | Killed a stone giant
  2062 | D        | Reached skill level 10 in Throwing
  2064 | D        | Killed an ettin
  2254 | D        | Noticed Agnes
  2264 | D        | Killed Agnes
  2376 | D        | Noticed Nergalle
  2390 | D        | Killed Nergalle
  2391 | D        | Reached skill level 15 in Dodging
  2495 | D        | Noticed a merfolk javelineer
  2508 | D        | Received a gift from Okawaru
  2530 | D        | Killed a merfolk javelineer
  2586 | D        | Noticed a spark wasp
  2601 | D        | Received a gift from Okawaru
  2605 | D        | Killed a spark wasp
  2656 | D        | Noticed an eleionoma
  2656 | D        | Noticed an eleionoma
  2656 | D        | Noticed an eleionoma
  2662 | D        | Killed an eleionoma
  2664 | D        | Killed an eleionoma
  2664 | D        | Noticed a bunyip
  2671 | D        | Killed an eleionoma
  2678 | D        | Reached skill level 10 in Shields
  2680 | D        | Killed a bunyip
  2873 | D        | Reached ****** piety under Okawaru
  2874 | D        | Acquired the +3 pair of seven-league boots {Rampage+∞}
  2874 | D        | Received a gift from Okawaru
  2874 | D        | Found the +3 pair of seven-league boots {Rampage+∞}
  2891 | D        | Acquired a +1 demon whip of electrocution
  2891 | D        | Received a gift from Okawaru
  3232 | D        | Reached XP level 14. HP: 157/157 MP: 24/24
  3240 | D        | Received a gift from Okawaru
  3419 | D        | Noticed Donald
  3429 | D        | Killed Donald
  3496 | D        | Noticed a frost giant
  3496 | D        | Noticed a stone giant
  3509 | D        | Killed a stone giant
  3513 | D        | Noticed a stone giant
  3515 | D        | Killed a frost giant
  3516 | D        | Reached skill level 15 in Throwing
  3523 | D        | Killed a stone giant
  3538 | D        | Received a gift from Okawaru
  3553 | D        | Noticed a stone giant
  3553 | D        | Noticed an iron dragon
  3574 | D        | Killed an iron dragon
  3575 | D        | Killed a stone giant
  3830 | D        | Received a gift from Okawaru
  3834 | D        | Noticed an ironbound thunderhulk
  3837 | D        | Noticed a vault warden
  3837 | D        | Noticed a sphinx
  3840 | D        | Killed an ironbound thunderhulk
  3846 | D        | Killed a sphinx
  3847 | D        | Noticed a vault warden
  3850 | D        | Killed a vault warden
  3852 | D        | Noticed an ironbound preserver
  3854 | D        | Killed an ironbound preserver
  3854 | D        | Received a gift from Okawaru
  3855 | D        | Noticed an ironbound preserver
  3863 | D        | Killed a vault warden
  3864 | D        | Reached XP level 15. HP: 100/173 MP: 19/25
  4096 | D        | Noticed Mara
  4104 | D        | Killed Mara
  4105 | D        | Reached skill level 27 in Fighting
  4105 | D        | Reached skill level 15 in Shields
  4117 | D        | Noticed an emperor scorpion
  4118 | D        | Noticed Frederick
  4136 | D        | Killed Frederick
  4136 | D        | Received a gift from Okawaru
  4142 | D        | Killed an emperor scorpion
  4155 | D        | Noticed Mennas
  4197 | D        | Killed Mennas
  4378 | D        | Found the +15 Maxwell's patent armour {-Cast -Tele rElec
                  | Will+ rCorr}
  4384 | D        | Got the +0 tower shield of Pocerith {rF+ Str+4 Dex+5}
  4414 | D        | Got the +0 cloak "Fiocitiuss" {+Inv Dex+2}
  4493 | D        | Reached skill level 1 in Polearms
  5403 | D        | Fell from the grace of Okawaru
  5403 | D        | Became a worshipper of the Shining One
  6309 | D        | Noticed a nagaraja
  6309 | D        | Reached * piety under the Shining One
  6309 | D        | Noticed a nagaraja
  6311 | D        | Killed a nagaraja
  6312 | D        | Noticed a nagaraja
  6312 | D        | Noticed a nagaraja
  6312 | D        | Reached ** piety under the Shining One
  6312 | D        | Noticed a nagaraja
  6313 | D        | Killed a nagaraja
  6314 | D        | Noticed a nagaraja
  6314 | D        | Killed a nagaraja
  6315 | D        | Reached skill level 5 in Polearms
  6319 | D        | Killed a nagaraja
  6323 | D        | Killed a nagaraja
  6328 | D        | Killed a nagaraja
  6342 | D        | Got a serpentine rune of Zot
  6405 | D        | Reached *** piety under the Shining One
  6405 | D        | Noticed an emperor scorpion
  6410 | D        | Reached **** piety under the Shining One
  6426 | D        | Killed an emperor scorpion
  6441 | D        | Reached ***** piety under the Shining One
  6441 | D        | Noticed an emperor scorpion
  6455 | D        | Killed an emperor scorpion
  6471 | D        | Got a gossamer rune of Zot
  6576 | D        | Noticed Ilsuiw
  6577 | D        | Reached skill level 10 in Polearms
  6577 | D        | Killed Ilsuiw
  6583 | D        | Reached ****** piety under the Shining One
  6611 | D        | Reached XP level 16. HP: 158/183 MP: 26/26
  6614 | D        | Got a barnacled rune of Zot
  6798 | D        | Got a decaying rune of Zot
  7051 | D        | Identified a +6 sacred scourge of holy wrath (a +4 demon
                  | whip of electrocution blessed by the Shining One)
  7051 | D        | Received a gift from the Shining One
  7084 | D        | Noticed a lich
  7085 | D        | Killed a lich
  7097 | D        | Noticed a shadow dragon
  7119 | D        | Killed a shadow dragon
  7122 | D        | Noticed a shadow dragon
  7143 | D        | Killed a shadow dragon
  7187 | D        | Noticed a titan
  7194 | D        | Killed a titan
  7237 | D        | Noticed a shadow dragon
  7237 | D        | Noticed a golden dragon
  7237 | D        | Noticed a tentacled monstrosity
  7237 | D        | Noticed a shadow dragon
  7239 | D        | Killed a golden dragon
  7241 | D        | Noticed a shadow dragon
  7245 | D        | Killed a tentacled monstrosity
  7247 | D        | Killed a shadow dragon
  7248 | D        | Identified the +5 war axe of the Beginning {pain, rPois
                  | Str+4}
  7251 | D        | Killed a shadow dragon
  7252 | D        | Identified the ring "Acocrode" {rC- rN+ Str+7 Dex-3}
  7256 | D        | Reached skill level 27 in Armour
  7266 | D        | Killed a shadow dragon
  7267 | D        | Identified the +4 plate armour of the Hall of Blades {rC+}
  7272 | D        | Got a silver rune of Zot
  7390 | D        | Noticed a deep elf blademaster
  7408 | D        | Killed a deep elf blademaster
  7446 | D        | Got the amulet "Lameycse" {rC+ Regen+ Str+4}
  7448 | D        | Got the ring "Caaji" {Wiz rN+}
  7450 | D        | Got the ring of Con Coot {Int+5 Dex+4 Slay-5 SInv}
  7452 | D        | Got the amulet "Hiofruri" {Faith Will+ Dex+3 SInv}
  7454 | D        | Got the ring "Leawuget" {AC+3 Dex+3}
  7568 | D        | Noticed Sojobo
  7568 | D        | Noticed a tengu reaver
  7569 | D        | Noticed a tengu reaver
  7571 | D        | Killed a tengu reaver
  7585 | D        | Killed Sojobo
  7589 | D        | Killed a tengu reaver
  7590 | D        | Reached XP level 17. HP: 191/191 MP: 27/27
  7618 | D        | Noticed Jory
  7619 | D        | Noticed Nikola
  7625 | D        | Killed Jory
  7640 | D        | Killed Nikola
  7666 | D        | Noticed Louise
  7675 | D        | Killed Louise
  7695 | D        | Reached skill level 27 in Shields
  7708 | D        | Noticed a bone dragon
  7708 | D        | Noticed a bone dragon
  7712 | D        | Killed a bone dragon
  7713 | D        | Reached skill level 27 in Throwing
  7718 | D        | Killed a bone dragon
  7770 | D        | Noticed a quicksilver dragon
  7770 | D        | Noticed a golden dragon
  7770 | D        | Noticed a golden dragon
  7771 | D        | Killed a quicksilver dragon
  7772 | D        | Killed a golden dragon
  7772 | D        | Killed a golden dragon
  7934 | D        | Noticed a tentacled monstrosity
  7942 | D        | Killed a tentacled monstrosity
  7963 | D        | Noticed a golden dragon
  7970 | D        | Killed a golden dragon
  8143 | D        | Noticed an Orb Guardian
  8143 | D        | Noticed an Orb Guardian
  8143 | D        | Noticed an Orb Guardian
  8143 | D        | Noticed an Orb Guardian
  8143 | D        | Noticed an Orb Guardian
  8143 | D        | Noticed an Orb Guardian
  8144 | D        | Killed an Orb Guardian
  8144 | D        | Noticed an Orb Guardian
  8147 | D        | Killed an Orb Guardian
  8148 | D        | Noticed an Orb Guardian
  8149 | D        | Killed an Orb Guardian
  8150 | D        | Reached XP level 18. HP: 193/200 MP: 31/33
  8152 | D        | Killed an Orb Guardian
  8153 | D        | Reached skill level 27 in Dodging
  8156 | D        | Killed an Orb Guardian
  8160 | D        | Killed an Orb Guardian
  8166 | D        | Killed an Orb Guardian
  8170 | D        | Killed an Orb Guardian
  8173 | D        | Noticed an Orb Guardian
  8174 | D        | Noticed an Orb Guardian
  8175 | D        | Killed an Orb Guardian
  8181 | D        | Killed an Orb Guardian
  8193 | D        | Noticed an Orb Guardian
  8193 | D        | Noticed an Orb Guardian
  8199 | D        | Killed an Orb Guardian
  8199 | D        | Noticed an Orb Guardian
  8202 | D        | Noticed an Orb Guardian
  8206 | D        | Reached skill level 27 in Invocations
  8216 | D        | Killed an Orb Guardian
  8227 | D        | Killed an Orb Guardian
  8233 | D        | Killed an Orb Guardian
  8234 | D        | Reached skill level 10 in Evocations
  8289 | D        | Noticed an ancient lich
  8293 | D        | Killed an ancient lich
  8296 | D        | Noticed an orb of fire
  8303 | D        | Gained mutation: You occasionally shout uncontrollably at
                  | your foes. [an orb of fire]
  8315 | D        | Killed an orb of fire
  8349 | D        | Noticed an electric golem
  8358 | D        | Killed an electric golem
  8361 | D        | Noticed an electric golem
  8361 | D        | Noticed an ancient lich
  8361 | D        | Noticed an electric golem
  8361 | D        | Noticed a tentacled monstrosity
  8361 | D        | Noticed an orb of fire
  8364 | D        | Killed an orb of fire
  8364 | D        | Killed an electric golem
  8364 | D        | Noticed an orb of fire
  8365 | D        | Killed a tentacled monstrosity
  8365 | D        | Noticed an orb of fire
  8367 | D        | Killed an electric golem
  8367 | D        | Killed an orb of fire
  8369 | D        | Killed an ancient lich
  8369 | D        | Noticed an orb of fire
  8370 | D        | Killed an orb of fire
  8371 | D        | Noticed a tentacled monstrosity
  8371 | D        | Noticed a golden dragon
  8371 | D        | Killed an orb of fire
  8373 | D        | Killed a tentacled monstrosity
  8374 | D        | Noticed an orb of fire
  8374 | D        | Noticed a Killer Klown
  8375 | D        | Killed a golden dragon
  8376 | D        | Killed a Killer Klown
  8378 | D        | Killed an orb of fire
  8429 | D        | Noticed an Orb Guardian
  8429 | D        | Noticed an Orb Guardian
  8429 | D        | Noticed an Orb Guardian
  8429 | D        | Noticed an Orb Guardian
  8429 | D        | Noticed an Orb Guardian
  8429 | D        | Noticed an Orb Guardian
  8434 | D        | Killed an Orb Guardian
  8438 | D        | Killed an Orb Guardian
  8444 | D        | Killed an Orb Guardian
  8454 | D        | Killed an Orb Guardian
  8460 | D        | Killed an Orb Guardian
  8461 | D        | Reached XP level 19. HP: 199/207 MP: 35/35
  8505 | D        | Reached skill level 27 in Evocations
  8603 | D        | Noticed an ancient lich
  8607 | D        | Killed an ancient lich
  8608 | D        | Reached skill level 10 in Stealth
  8666 | D        | Reached skill level 15 in Stealth
  8697 | D        | Got an elven rune of Zot
  8728 | D        | Noticed the Royal Jelly
  8737 | D        | Killed the Royal Jelly
  8791 | D        | Got a slimy rune of Zot
  8935 | D        | Paralysed by a sphinx for 4 turns
  8999 | D        | Reached skill level 27 in Stealth
  8999 | D        | Reached XP level 20. HP: 134/216 MP: 36/36
  9050 | D        | Noticed a royal mummy
  9053 | D        | Reached skill level 15 in Polearms
  9054 | D        | Killed a royal mummy
  9134 | D        | Noticed a royal mummy
  9134 | D        | Noticed a royal mummy
  9140 | D        | Killed a royal mummy
  9141 | D        | Noticed a royal mummy
  9142 | D        | Killed a royal mummy
  9154 | D        | Killed a royal mummy
  9169 | D        | Got a golden rune of Zot
  9298 | D        | Got an abyssal rune of Zot
  9455 | D        | Noticed Geryon
  9467 | D        | Killed Geryon
  9470 | D        | Found the +6 sword of Cerebov {flame}
  9470 | D        | Noticed Cerebov
  9470 | D        | Noticed Antaeus
  9470 | D        | Noticed Lom Lobon
  9492 | D        | Killed Antaeus
  9503 | D        | Killed Cerebov
  9505 | D        | Noticed Gloorx Vloq
  9514 | D        | Killed Lom Lobon
  9520 | D        | Killed Gloorx Vloq
  9524 | D        | Got an icy rune of Zot
  9524 | D        | Noticed Mnoleg
  9525 | D        | Noticed Dispater
  9531 | D        | Killed Mnoleg
  9535 | D        | Found the +13 sceptre of Asmodeus
  9535 | D        | Noticed Asmodeus
  9544 | D        | Killed Dispater
  9545 | D        | Reached skill level 27 in Maces & Flails
  9547 | D        | Got a dark rune of Zot
  9551 | D        | Noticed Ereshkigal
  9562 | D        | Killed Asmodeus
  9563 | D        | Reached skill level 27 in Polearms
  9578 | D        | Killed Ereshkigal
  9582 | D        | Got a glowing rune of Zot
  9589 | D        | Got a magical rune of Zot
  9595 | D        | Got a fiery rune of Zot
  9608 | D        | Got an iron rune of Zot
  9614 | D        | Got an obsidian rune of Zot
  9618 | D        | Got a bone rune of Zot
 10096 | D        | Got the Orb of Zot
 10540 | D        | Noticed Nitzegezey the pandemonium lord
 10548 | D        | Killed Nitzegezey the pandemonium lord
 10549 | D        | Reached skill level 5 in Spellcasting
 10552 | D        | Reached skill level 10 in Axes
 10554 | D        | Reached skill level 10 in Staves
 10574 | D        | Was forgiven by Okawaru
 11221 | D        | Reached XP level 21. HP: 224/224 MP: 37/37
 11238 | D        | Noticed Oqetecuq the pandemonium lord
 11252 | D        | Killed Oqetecuq the pandemonium lord
 11383 | D        | Reached skill level 15 in Axes
 11383 | D        | Reached skill level 15 in Staves
 11399 | D        | Noticed Tecyruv the pandemonium lord
 11402 | D        | Killed Tecyruv the pandemonium lord
 11699 | D        | Reached skill level 10 in Spellcasting
 11703 | D        | Escaped with the Orb!

Illustrated notes

Levels and vault maps discovered:
D:        linesprint [early_d, line_temple, items_1, d_10, items_2, lair_1,
          lair_end, items_3, orc_1, orc_end, items_4, d_15, swamp_1, shoals_1,
          snake_1, spider_1, d_20, vaults_1, items_5, swamp_end, shoals_end,
          snake_end, spider_end, vaults_end, d_27, items_6, zot_1, zot_end,
          crypt_end, forest_end, elf_end, slime_end, tomb_end, abyss_end,
          pan_hell_end]

Skill      XL: |  1  2  3  4  5  6  7  8  9 10 11 12 13 14 15 16 17 18 19 20 21 |
---------------+----------------------------------------------------------------+-----
Fighting       | 5 6 8 10 13 18 20 23 26 27 | 27.0
Maces & Flails | 4 5 8 11 13 16 27 | 27.0
Armour         | 5 6 8 9 12 15 18 20 22 27 | 27.0
Shields        | 5 10 13 20 26 27 | 27.0
Invocations    | 5 6 9 12 15 24 27 | 27.0
Dodging        | 3 9 11 14 17 20 26 27 | 27.0
Evocations     | 3 5 25 27 | 27.0
Throwing       | 4 9 13 17 21 25 27 | 27.0
Polearms       | 12 14 27 | 27.0
Stealth        | 27 | 27.0
Axes           | 14 16 | 16.6
Staves         | 14 16 | 16.4
Spellcasting   | 8 10 | 10.0

Action                     |  1- 3 |  4- 6 |  7- 9 | 10-12 | 13-15 | 16-18 | 19-21 || total
---------------------------+-------+-------+-------+-------+-------+-------+-------++-------
  Melee: Flail             |    28 |    18 |       |       |       |       |       ||    46
         Headbutt          |     3 |     3 |     9 |    94 |   137 |   210 |   192 ||   648
         Morningstar       |       |    10 |    45 |   323 |   271 |   175 |       ||   824
         Demon whip        |       |       |       |       |   220 |       |       ||   220
         Sacred scourge    |       |       |       |       |       |   452 |   546 ||   998
  Throw: Javelin           |       |       |       |     3 |    36 |    35 |    47 ||   121
 Invoke: Heroism           |       |       |     2 |     6 |     4 |       |       ||    12
         Finesse           |       |       |     1 |     6 |     5 |       |       ||    12
         Receive Weapon    |       |       |       |       |     1 |       |       ||     1
         Receive Armour    |       |       |       |       |     1 |       |       ||     1
         Brand Weapon With |       |       |       |       |       |     1 |       ||     1
         Divine Shield     |       |       |       |       |       |     4 |     1 ||     5
         Cleansing Flame   |       |       |       |       |       |     2 |     2 ||     4
         Summon Divine War |       |       |       |       |       |     1 |       ||     1
  Evoke: Wand              |       |     2 |     3 |     9 |       |       |       ||    14
    Use: Potion            |       |       |     4 |     3 |     4 |     2 |     4 ||    17
         Scroll            |       |       |     1 |     4 |     7 |     7 |     1 ||    20
   Stab: Invisible         |       |       |       |     5 |       |       |       ||     5
         Paralysed         |       |       |       |     3 |       |       |       ||     3
         Petrified         |       |       |       |     3 |       |       |       ||     3
 Armour: Scale mail        |     9 |    11 |       |       |       |       |       ||    20
         Chain mail        |       |     8 |    52 |    69 |       |       |       ||   129
         Plate armour      |       |       |       |    44 |   173 |   102 |    68 ||   387
  Dodge: Dodged            |    11 |     4 |    12 |   112 |   157 |   115 |    73 ||   484
  Block: Buckler           |     5 |     6 |    12 |    42 |    24 |       |       ||    89
         Kite shield       |       |       |       |       |    40 |       |       ||    40
         Tower shield      |       |       |       |       |   170 |   383 |   265 ||   818

Table legend: (Time is in decaauts) A = Elapsed time spent in this place. B = Non-inter-level travel time spent in this place. C = Inter-level travel time spent in this place. D = Time resting spent in this place. E = Time spent auto-exploring this place. F = Levels seen in this place. G = Mean time per level. A B C D E F G +--------+--------+--------+--------+--------+-----+--------+ Total | 10720 | 7085 | 3635 | 2455 | 0 | 1 | 10720.0 | Dungeon | 10720 | 7085 | 3635 | 2455 | 0 | 1 | 10720.0 | +--------+--------+--------+--------+--------+-----+--------+

Top non-repeatable levels by time:
       D: 10720 daAuts
